 Dungeon Crawl Stone Soup version 0.30-a0-374-g95c0257040 (webtiles) character file.

Game seed: 17422178670040062088

1479 KennySheep the Shooter (level 8, -2/67 HPs)
             Began as a Demigod Hunter on Nov 25, 2022.
             Slain by a killer bee (5 damage)
             ... on level 9 of the Dungeon on Nov 26, 2022.
             The game lasted 00:12:46 (5009 turns).

KennySheep the Shooter (Demigod Hunter)             Turns: 5009, Time: 00:12:47

Health: -2/67      AC:  5    Str: 12    XL:     8   Next: 25%
Magic:  9/10       EV: 15    Int: 11    God:
Gold:   33         SH:  0    Dex: 25    Spells: 1/7 levels left

rFire   . . .      SeeInvis .    a - +0 shortbow
rCold   + . .      Faith    .    (shield currently unavailable)
rNeg    . . .      Spirit   .    c - +0 leather armour
rPois   .          Reflect  .    (no helmet)
rElec   .          Harm     .    (no cloak)
rCorr   .          Rampage  .    p - +0 pair of gloves
Will    .....                    f - +0 pair of boots {Fly}
Stlth   ++........               (no amulet)
HPRegen 0.31/turn                k - ring of protection from cold
MPRegen 0.12/turn                (no ring)

@: mighty, lethally poisoned (-2 -> -6), wereblooded, flying
A: high MP 1, forlorn, divine attributes
a: no special abilities


You were on level 9 of the Dungeon.
You visited 1 branch of the dungeon, and saw 7 of its levels.

You collected 190 gold pieces.
You spent 157 gold pieces at shops.

Inventory:

Hand Weapons
 a - a +0 shortbow (weapon)
 x - a +2 dagger of pain
Armour
 c - a +0 leather armour (worn)
 f - a +0 pair of boots of flying (worn)
 p - a +0 pair of gloves (worn)
 r - a +0 pair of boots
Jewellery
 k - a ring of protection from cold (left hand)
Wands
 b - a wand of acid (3)
 q - a wand of flame (16)
 s - a wand of mindburst (32)
 u - a wand of roots (9)
Scrolls
 d - a scroll of acquirement {unknown}
 e - a scroll of fear {unknown}
 g - a scroll of poison {unknown}
 h - 2 scrolls of immolation
 i - 3 scrolls of enchant armour {unknown}
 j - 2 scrolls of vulnerability {unknown}
 l - a scroll of amnesia
 n - a scroll of magic mapping {unknown}
 o - a scroll of noise {unknown}
 v - a scroll of brand weapon {unknown}
 w - a scroll of identify {unknown}


   Skills:
 + Level 4.6 Fighting
 * Level 7.2 Ranged Weapons
 + Level 4.3 Dodging
 - Level 0.8 Stealth
 * Level 2.6 Necromancy
 - Level 3.0 Transmutations


You had one spell level left.
You knew the following spells:

 Your Spells              Type           Power      Damage    Failure   Level
a - Dispel Undead         Necr           5%         3d7       83%         4
z - Wereblood             Tmut           6%         N/A       21%         2

Your spell library contained the following spells:

 Spells                   Type           Power      Damage    Failure   Level
 Beastly Appendage        Tmut           12%        N/A       13%         1
 Magic Dart               Conj           0%         1d3       41%         1
 Cigotuvi's Dreadful Rot  Necr/Pois/Air  2%         N/A       43%         2
 Call Imp                 Summ           0%         N/A       56%         2
 Ensorcelled Hibernation  Hex/Ice        0%         N/A       56%         2
 Spider Form              Tmut/Pois      3%         N/A       58%         3
 Dazzling Flash           Conj/Hex       0%         N/A       80%         3
 Mephitic Cloud           Conj/Pois/Air  0%         N/A       80%         3
 Ozocubu's Armour         Ice            0%         N/A       80%         3
 Anguish                  Hex/Necr       1%         N/A       95%         4
 Agony                    Necr           5%         N/A       99%         5
 Metabolic Englaciation   Hex/Ice        0%         N/A       100%        5
 Silence                  Hex/Air        0%         N/A       100%        5
 Death Channel            Necr           2%         N/A       100%        6
 Simulacrum               Ice/Necr       1%         N/A       100%        6


Dungeon Overview and Level Annotations

Branches:
Dungeon (6/15)
 Temple: D:4-7

Shops:
D:9 [

Annotations:
D:5 Dowan, Duvessa, Prince Ribbit


Innate Abilities, Weirdness & Mutations

You have an increased reservoir of magic. (+10% MP)
You shall have no god before yourself.
Your divine heritage dramatically boosts your attributes as you level up.


Message History

The arrow misses the killer bee.
You feel sick. The killer bee closely misses you. x2
You shoot an arrow. The arrow misses the killer bee.
The arrow barely misses the killer bee.
You feel sick. The killer bee closely misses you.
The killer bee completely misses you. The killer bee stings you.
You are more poisoned.
The killer bee poisons you!
You shoot an arrow.
The arrow closely misses the killer bee. x2
You feel sick. The killer bee stings you.
* * * LOW HITPOINT WARNING * * *
You are more poisoned.
The killer bee poisons you! The killer bee completely misses you.
You shoot an arrow. The arrow misses the killer bee.
The arrow hits the killer bee!
The killer bee is almost dead.
* * * LOW HITPOINT WARNING * * *
You feel very sick.
The killer bee stings you but does no damage.
The killer bee stings you.
* * * LOW HITPOINT WARNING * * *
It was a potion of might.
You feel very mighty all of a sudden.
* * * LOW HITPOINT WARNING * * *
You feel sick. The killer bee closely misses you. The killer bee misses you.
You shoot an arrow. The arrow hits the killer bee!
The killer bee is almost dead.
* * * LOW HITPOINT WARNING * * *
You feel very sick. The killer bee misses you. The killer bee stings you.
* * * LOW HITPOINT WARNING * * *
You shoot an arrow. The arrow hits the killer bee.
You feel a bit better.
You kill the killer bee!
* * * LOW HITPOINT WARNING * * *
You feel sick. The killer bee barely misses you. The killer bee misses you.
You shoot an arrow. The arrow barely misses the killer bee.
* * * LOW HITPOINT WARNING * * *
You feel sick. The killer bee barely misses you. The killer bee stings you.
You die...

###### ############ #.....
#..........######
+.....####..........†.#...
#.....'.##..........#.....
#.....#.##..........###...
#.....#.y@..........# #...
#.....####..........# #...
#..... #..........# #...
#..... #..........# #...
###'## #..........# ####
##.# #..........# #..#
#..........# #.##
####.####### #.# #.##


You could see a killer bee.

Vanquished Creatures
  Grinder (D:4)
  Sigmund (D:4)
  A wyvern (D:9)
  Menkaure (D:4)
  An orc warrior (D:9)
  Blork the orc (D:4)
  A scorpion (D:4)
  A necrophage (D:4)
  A killer bee (D:9)
  A jelly (D:4)
  2 howler monkeys (D:9)
  2 orc priests
  A hound (D:4)
  3 iguanas (D:5)
  3 orc wizards (D:5)
  3 gnolls (D:4)
  8 adders
  A worm (D:2)
  5 dart slugs
  11 orcs
  6 endoplasms
  5 giant cockroaches
  10 goblins
  10 hobgoblins
  A jackal (D:2)
  3 quokkas
  10 ball pythons
  6 bats
  5 frilled lizards
  9 kobolds
  2 rats
116 creatures vanquished.

Notes
Turn   | Place    | Note
-------+----------+-------------------------------------------
     0 | D:1      | KennySheep the Demigod Hunter began the quest for the Orb.
     0 | D:1      | Reached XP level 1. HP: 17/17 MP: 3/3
   292 | D:1      | Reached XP level 2. HP: 24/24 MP: 4/4
   294 | D:1      | Reached skill level 4 in Ranged Weapons
  1002 | D:2      | Reached XP level 3. HP: 30/30 MP: 5/5
  1609 | D:2      | Learned a level 2 spell: Wereblood
  2010 | D:3      | Reached XP level 4. HP: 37/37 MP: 6/6
  2672 | D:4      | Noticed Sigmund
  2695 | D:4      | Killed Sigmund
  2696 | D:4      | Reached skill level 5 in Ranged Weapons
  2696 | D:4      | Reached skill level 1 in Transmutations
  2696 | D:4      | Reached XP level 5. HP: 44/45 MP: 7/7
  2742 | D:4      | Reached XP level 6. HP: 44/51 MP: 8/8
  2865 | D:4      | Noticed Blork the orc
  2872 | D:4      | Killed Blork the orc
  2985 | D:4      | Noticed Menkaure
  2993 | D:4      | Killed Menkaure
  3226 | D:4      | Reached skill level 6 in Ranged Weapons
  3404 | D:4      | Reached XP level 7. HP: 58/58 MP: 9/9
  3598 | D:5      | Entered Level 5 of the Dungeon
  3598 | D:5      | Noticed Grinder
  3662 | D:4      | Killed Grinder
  3807 | D:5      | Learned a level 4 spell: Dispel Undead
  4032 | D:5      | Noticed Dowan
  4034 | D:5      | Noticed Duvessa
  4071 | D:5      | Noticed Prince Ribbit
  4249 | D:5      | Reached skill level 1 in Necromancy
  4563 | D:6      | You fall into a shaft and drop 3 floors!
  4595 | D:9      | Reached XP level 8. HP: 42/67 MP: 10/10
  4697 | D:9      | Found Cavvior's Antique Armour Boutique.
  4703 | D:9      | Bought a pair of embroidered boots for 157 gold pieces
  4750 | D:9      | Reached skill level 7 in Ranged Weapons
  4943 | D:9      | Identified the +3 great sword "Wusuaj" {flame, Fragile rN++
                  | Str+2 Int+3}
  5009 | D:9      | HP: 3/67 [poisoned by a killer bee]
  5009 | D:9      | Slain by a killer bee

Illustrated notes

Levels and vault maps discovered:
D:1:      kennysheep_arrival_forest, layout_basic
D:2:      layout_basic, dilly_ecumenical_altar_fadedgnrine,
          minmay_misc_feat_cross, wad_floor_pattern_2, minmay_small_reverse_x
D:3:      layout_loops_ring
D:4:      layout_basic, grunt_temple_overflow_diamond, uniq_menkaure,
          uniq_blork_the_orc, uniq_sigmund
D:5:      layout_cave_pools, minmay_temple_entry_proselytizer,
          uniq_prince_ribbit1, uniq_grinder, uniq_duvessa
D:6:      layout_loops_ring
D:9:      layout_roguey, david_orc_5, serial_shops,
          nicolae_shop_overgrown_old_shop, hangedman_decor_points

Skill      XL: |  1  2  3  4  5  6  7  8 |
---------------+-------------------------+-----
Fighting       | 2 3 4 |  4.6
Ranged Weapons | 4 5 6 7 |  7.2
Dodging        | 2 3 4 |  4.3
Transmutations | 1 2 3 |  3.0
Necromancy     | 1 2 |  2.6
Stealth        | |  0.8

Action                   |  1- 3 |  4- 6 |  7- 9 || total
-------------------------+-------+-------+-------++-------
 Fire: Shortbow          |   181 |   107 |   174 ||   462
 Cast: Wereblood         |       |       |     2 ||     2
Evoke: Wand              |       |       |     2 ||     2
  Use: Potion            |       |     6 |     3 ||     9
       Scroll            |       |       |     3 ||     3
Armor: Leather armour    |    21 |     2 |    36 ||    59
       Skin              |       |    27 |       ||    27
Dodge: Dodged            |    55 |    30 |   122 ||   207

Table legend: (Time is in decaauts)
 A = Elapsed time spent in this place.
 B = Non-inter-level travel time spent in this place.
 C = Inter-level travel time spent in this place.
 D = Time resting spent in this place.
 E = Time spent auto-exploring this place.
 F = Levels seen in this place.
 G = Mean time per level.
                   A        B        C        D        E       F      G
               +--------+--------+--------+--------+--------+-----+--------+
         Total |   5112 |   4874 |    238 |    670 |   3172 |   7 |  730.3 |
       Dungeon |   5112 |   4874 |    238 |    670 |   3172 |   7 |  730.3 |
               +--------+--------+--------+--------+--------+-----+--------+

Top non-repeatable levels by time:
     D:4: 1173 daAuts
     D:2: 1026 daAuts
     D:1: 996 daAuts
     D:5: 786 daAuts
     D:3: 664 daAuts
     D:9: 454 daAuts
     D:6: 9 daAuts
